 Dungeon Crawl Stone Soup version 0.30-a0-743-gbfdf073431 (webtiles) character file.

Game seed: 6307295346890996541

790 epen the Ruffian (level 7, -1/60 HPs)
             Began as a Gnoll Wanderer on Feb 5, 2023.
             Slain by Pikel
             ... wielding a +2 whip of flaming
              (2 damage)
             ... on level 4 of the Dungeon.
             The game lasted 00:05:47 (4566 turns).

epen the Ruffian (Gnoll Wanderer)                   Turns: 4566, Time: 00:05:48

Health: -1/60      AC:  4    Str: 14    XL:     7   Next: 87%
Magic:  20/20      EV: 12    Int: 10    God:
Gold:   238        SH:  0    Dex: 12    Spells: 6/11 levels left

rFire   . . .      SeeInvis .    k - +3 hand axe
rCold   + . .      Faith    .    (no shield)
rNeg    . . .      Spirit   .    n - +1 robe of the Demon Prince {rPois rCorr MP+9}
rPois   +          Reflect  .    j - +0 helmet
rElec   .          Harm     .    (no cloak)
rCorr   +          Rampage  .    (no gloves)
Will    .....                    (no boots)
Stlth   ++                       (no amulet)
HPRegen 0.30/turn                i - ring of protection from cold
MPRegen 0.17/turn                (no ring)

@: studying Shields
A: fangs 1, strong nose, distributed training
a: no special abilities


You were on level 4 of the Dungeon.
You visited 1 branch of the dungeon, and saw 4 of its levels.

You collected 238 gold pieces.

Inventory:

Hand Weapons
 a - a +0 hand axe
 k - a +3 hand axe (weapon)
Armour
 d - a +0 ring mail
 j - a +0 helmet (worn)
 n - the +1 robe of the Demon Prince (worn) {rPois rCorr MP+9}
   (You found it on level 3 of the Dungeon)

   rPois:     It protects you from poison.
   MP:        It affects your magic capacity (+9).
   rCorr:     It protects you from acid and corrosion.
Jewellery
 g - a ring of ice
 i - a ring of protection from cold (left hand)
Wands
 p - a wand of roots (1)
Scrolls
 b - a scroll of blinking
 h - a scroll of identify
 l - a scroll of immolation
 m - a scroll of vulnerability
 o - a scroll of teleportation
Potions
 e - a potion of mutation
 f - 3 potions of cancellation


   Skills:
 + Level 7.2 Fighting
 + Level 2.9 Short Blades
 + Level 2.9 Long Blades
 + Level 7.2 Axes
 + Level 2.9 Maces & Flails
 + Level 2.9 Polearms
 + Level 2.9 Staves
 + Level 2.9 Ranged Weapons
 + Level 2.9 Throwing
 + Level 3.9 Armour
 + Level 2.9 Dodging
 + Level 2.9 Stealth
 + Level 3.3 Shields
 + Level 7.2 Unarmed Combat
 + Level 2.9 Spellcasting
 + Level 2.3 Conjurations
 + Level 2.3 Hexes
 + Level 2.3 Summonings
 + Level 2.3 Necromancy
 + Level 2.3 Translocations
 + Level 2.3 Transmutations
 + Level 2.3 Fire Magic
 + Level 2.3 Ice Magic
 + Level 2.3 Air Magic
 + Level 2.3 Earth Magic
 + Level 2.3 Poison Magic
 + Level 3.2 Invocations
 + Level 2.9 Evocations


You had 6 spell levels left.
You knew the following spells:

 Your Spells              Type           Power      Damage    Failure   Level
a - Mephitic Cloud        Conj/Pois/Air  6%         N/A       32%         3
b - Poisonous Vapours     Pois/Air       12%        N/A       16%         2

Your spell library contained the following spells:

 Spells                   Type           Power      Damage    Failure   Level
 Sandblast                Erth           12%        2d6       11%         1
 Cigotuvi's Dreadful Rot  Necr/Pois/Air  12%        N/A       16%         2
 Passwall                 Tmut/Erth      5%         N/A       16%         2
 Stone Arrow              Conj/Erth      12%        3d7       32%         3


Dungeon Overview and Level Annotations

Branches:
Dungeon (4/15)
 Temple: D:4-7

Altars:

Shops:
D:4 (

Annotations:
D:4 Eustachio, Pikel


Innate Abilities, Weirdness & Mutations

You have very sharp teeth.
Your uncanny sense of smell can sniff out nearby items.
Your experience applies equally to all skills.


Message History

The grasping roots constrict the lemure!
The lemure closely misses you.
You barely miss the lemure.
The lemure is severely wounded.
The grasping roots constrict Pikel!
The grasping roots constrict the lemure.
The roots release their grip on Pikel.
The roots release their grip on the lemure.
The lemure hits you!
You hit the lemure.
You kill the lemure!
That felt strangely unrewarding.
Pikel says, "I touched Geryon's horn once."
You hit Pikel but do no damage.
Pikel is severely wounded.
Pikel barely misses you.
You hit Pikel but do no damage.
Pikel is severely wounded.
Pikel barely misses you.
You hit Pikel but do no damage. Your punch misses Pikel.
Pikel is severely wounded.
Pikel hits you with a +2 whip of flaming!
Pikel burns you.
* * * LOW HITPOINT WARNING * * *
You closely miss Pikel.
Pikel is severely wounded.
Pikel hits you with a +2 whip of flaming.
* * * LOW HITPOINT WARNING * * *
Pikel burns you.
* * * LOW HITPOINT WARNING * * *
Aiming: Fastroot
Press: ? - help, Shift-Dir - straight line, f - Pikel
Aim: Pikel, wielding a +2 whip of flaming and wearing a +0 robe (severely wounded)
The roots erupt in riotous growth!
Roots grab Pikel.
The grasping roots constrict Pikel.
Pikel hits you with a +2 whip of flaming!
* * * LOW HITPOINT WARNING * * *
Pikel burns you.
You die...

.#.###♣..PPP..♣ #..##.##..#
.#.# ♣...PPP ####.......##
...# ♣...P.♣ #.......#..#
###..♣♣♣P.♣♣♣ #.##.##....#
######♣.♣.♣# #.##.##.####
)##..##♣♣..# #.##.##.#
.#....####'## #.##..#.#
..P.♣...#...## #.###(#.#
P.♣♣♣♣.......###@# #.#.#
.♣♣♣♣.........##K###.#.#
..♣♣...........#.......#
..............)'.......####
..##......5....####.......#
.######..K....## #..####.#
## ##.....## #..####.# #
##...## #....)#.# # ##'##
#.###.#.#


You could see Pikel (rooted).

Vanquished Creatures
  Grinder (D:3)
  Sigmund (D:4)
  2 centaurs (D:4)
  4 lemures (D:4)
  A scorpion (D:4)
  Ijyb (D:3)
  Terence (D:3)
  An iguana (D:4)
  Robin (D:3)
  5 adders
  2 dart slugs (D:2)
  A bat (D:2)
  An endoplasm (D:1)
  2 giant cockroaches
  14 goblins
  10 hobgoblins
  3 jackals (D:3)
  2 quokkas
  5 ball pythons
  2 frilled lizards
  9 kobolds
  5 rats
74 creatures vanquished.

Vanquished Creatures (others)
  13 plants (D:4)
13 creatures vanquished.

Grand Total: 87 creatures vanquished

Notes
Turn   | Place    | Note
-------+----------+-------------------------------------------
     0 | D:1      | epen the Gnoll Wanderer began the quest for the Orb.
     0 | D:1      | epen set off with the following items: a +0 hand axe, a
                  | scroll of blinking, a potion of heal wounds, a +0 ring
                  | mail, a potion of mutation.
     0 | D:1      | Reached XP level 1. HP: 23/23 MP: 1/1
   416 | D:1      | Reached XP level 2. HP: 29/29 MP: 2/2
   941 | D:2      | Found a faded altar of an unknown god.
  1038 | D:2      | Reached XP level 3. HP: 35/35 MP: 2/4
  1288 | D:2      | Reached skill level 1 in Invocations
  1435 | D:2      | Reached skill level 1 in Short Blades
  1435 | D:2      | Reached skill level 1 in Long Blades
  1435 | D:2      | Reached skill level 1 in Maces & Flails
  1435 | D:2      | Reached skill level 1 in Polearms
  1435 | D:2      | Reached skill level 1 in Staves
  1435 | D:2      | Reached skill level 1 in Ranged Weapons
  1435 | D:2      | Reached skill level 1 in Throwing
  1435 | D:2      | Reached skill level 1 in Dodging
  1435 | D:2      | Reached skill level 1 in Stealth
  1435 | D:2      | Reached skill level 1 in Shields
  1435 | D:2      | Reached skill level 1 in Spellcasting
  1435 | D:2      | Reached skill level 1 in Evocations
  1725 | D:3      | Reached XP level 4. HP: 41/41 MP: 5/5
  1904 | D:3      | Noticed Terence
  1923 | D:3      | Killed Terence
  1924 | D:3      | Reached skill level 1 in Conjurations
  1924 | D:3      | Reached skill level 1 in Hexes
  1924 | D:3      | Reached skill level 1 in Summonings
  1924 | D:3      | Reached skill level 1 in Necromancy
  1924 | D:3      | Reached skill level 1 in Translocations
  1924 | D:3      | Reached skill level 1 in Transmutations
  1924 | D:3      | Reached skill level 1 in Fire Magic
  1924 | D:3      | Reached skill level 1 in Ice Magic
  1924 | D:3      | Reached skill level 1 in Air Magic
  1924 | D:3      | Reached skill level 1 in Earth Magic
  1924 | D:3      | Reached skill level 1 in Poison Magic
  1955 | D:3      | Noticed Ijyb
  2003 | D:3      | Killed Ijyb
  2004 | D:3      | Reached XP level 5. HP: 11/47 MP: 5/7
  2284 | D:3      | Noticed Grinder
  2287 | D:3      | Noticed Robin
  2310 | D:3      | Killed Robin
  2321 | D:3      | Killed Grinder
  2322 | D:3      | Reached XP level 6. HP: 25/53 MP: 7/9
  2825 | D:3      | Identified the +1 robe of the Demon Prince {rPois rCorr
                  | MP+9}
  3054 | D:4      | Reached XP level 7. HP: 10/60 MP: 10/10
  3236 | D:4      | Noticed Pikel
  3408 | D:4      | Noticed Sigmund
  3493 | D:4      | Killed Sigmund
  3841 | D:4      | Learned a level 3 spell: Mephitic Cloud
  3844 | D:4      | Learned a level 2 spell: Poisonous Vapours
  4306 | D:4      | Found Kuaddyta's Antique Weapon Boutique.
  4319 | D:4      | Noticed Eustachio
  4566 | D:4      | HP: 1/60 [Pikel/+2 whip of flaming (8)]
  4566 | D:4      | Slain by Pikel

Illustrated notes

Levels and vault maps discovered:
D:1:      heliophobic_arrival_enchanted_forest, layout_loops_corners
D:2:      layout_loops_ring, hellmonk_ecumenical_altar_arch_garden,
          nrook_mini_backslash, grunt_ministairs_9
D:3:      layout_loops_ring, grunt_decor_junction, uniq_terence, uniq_robin,
          uniq_ijyb, uniq_grinder
D:4:      layout_loops_corners, serial_shops, nicolae_take_the_stairs,
          serial_forest, infiniplex_forest_clump_double,
          infiniplex_forest_clump_double, infiniplex_forest_clump_long,
          infiniplex_forest_end_1, infiniplex_forest_clump_curved,
          infiniplex_forest_side_room, infiniplex_forest_end_2,
          minmay_manual_mares, uniq_blork_the_orc, uniq_sigmund, uniq_pikel,
          uniq_eustachio

Skill      XL: |  1  2  3  4  5  6  7 |
---------------+----------------------+-----
Invocations    | 1 2 3 |  3.2
Short Blades   | 1 2 |  2.9
Long Blades    | 1 2 |  2.9
Maces & Flails | 1 2 |  2.9
Polearms       | 1 2 |  2.9
Staves         | 1 2 |  2.9
Ranged Weapons | 1 2 |  2.9
Throwing       | 1 2 |  2.9
Dodging        | 1 2 |  2.9
Stealth        | 1 2 |  2.9
Shields        | 1 2 3 |  3.3
Spellcasting   | 1 2 |  2.9
Evocations     | 1 2 |  2.9
Conjurations   | 1 2 |  2.3
Hexes          | 1 2 |  2.3
Summonings     | 1 2 |  2.3
Necromancy     | 1 2 |  2.3
Translocations | 1 2 |  2.3
Transmutations | 1 2 |  2.3
Fire Magic     | 1 2 |  2.3
Ice Magic      | 1 2 |  2.3
Air Magic      | 1 2 |  2.3
Earth Magic    | 1 2 |  2.3
Poison Magic   | 1 2 |  2.3
Armour         | 3 |  3.9
Fighting       | 7 |  7.2
Axes           | 7 |  7.2
Unarmed Combat | 7 |  7.2

Action                     |  1- 3 |  4- 6 |  7- 9 || total
---------------------------+-------+-------+-------++-------
  Melee: Hand axe          |   112 |   144 |   126 ||   382
         Punch             |     4 |     1 |     7 ||    12
         Bite              |     8 |     9 |    11 ||    28
   Cast: Mephitic Cloud    |       |       |     1 ||     1
         Poisonous Vapours |       |       |     1 ||     1
  Evoke: Wand              |       |       |     2 ||     2
    Use: Scroll            |     4 |       |     4 ||     8
         Potion            |       |     5 |     2 ||     7
   Stab: Sleeping          |       |     1 |     1 ||     2
         Confused          |       |       |     2 ||     2
 Armour: Ring mail         |    40 |    64 |       ||   104
         Robe              |       |    22 |    17 ||    39
  Dodge: Dodged            |    46 |   131 |    38 ||   215

Table legend: (Time is in decaauts)
 A = Elapsed time spent in this place.
 B = Non-inter-level travel time spent in this place.
 C = Inter-level travel time spent in this place.
 D = Time resting spent in this place.
 E = Time spent auto-exploring this place.
 F = Levels seen in this place.
 G = Mean time per level.
                   A        B        C        D        E       F      G
               +--------+--------+--------+--------+--------+-----+--------+
         Total |   4531 |   4462 |     69 |    563 |   3080 |   4 | 1132.8 |
       Dungeon |   4531 |   4462 |     69 |    563 |   3080 |   4 | 1132.8 |
               +--------+--------+--------+--------+--------+-----+--------+

Top non-repeatable levels by time:
     D:4: 1585 daAuts
     D:3: 1233 daAuts
     D:1: 864 daAuts
     D:2: 848 daAuts
